 Dungeon Crawl Stone Soup version 0.32-a0-898-g7811c86cf0 (webtiles) character file.

Game seed: 9952062319388387409

2255491 SuperProcrastinator the Hoplite (level 26, 282/282 HPs)
             Began as a Minotaur Berserker on Apr 4, 2024.
             Was the Champion of Trog.
             Escaped with the Orb
             ... and 4 runes!
             The game lasted 03:05:58 (72739 turns).

SuperProcrastinator the Hoplite (MiBe)             Turns: 72739, Time: 03:05:58

Health: 282/282    AC: 46    Str: 25    XL:     26   Next: 45%
Magic:  22/22      EV: 24    Int:  6    God:    Trog [******]
Gold:   644        SH: 35    Dex: 23    Spells: 25/25 levels left

rFire   + + .        j - +3 demon trident (freeze)
rCold   + . .        M - +8 tower shield {rN+}
rNeg    + + +        t - +7 gold dragon scales
rPois   +            (helmet unavailable)
rElec   +            T - +2 cloak {Will+}
rCorr   +            a - +2 pair of gloves {Dex+3}
SInv    .            A - +2 pair of slick slippers {slick, slippery, EV+4}
Will    +++..        R - amulet of regeneration Stlth
                     h - ring "Orov" {rF+ Will+ AC+4 Dex+3}
HPRegen 1.47/turn    e - ring of the Okapi {^Contam rElec rPois rN+++ rCorr}
MPRegen 0.18/turn

%: no passive effects
@: no status effects
A: horns 3, retaliatory headbutt, poison resistance, robust 1
0: Orb of Zot
}: 4/15 runes: decaying, slimy, silver, gossamer
a: Renounce Religion, Berserk, Trog's Hand, Brothers in Arms


You escaped.
You worshipped Trog.
Trog was exalted by your worship.
You visited 9 branches of the dungeon, and saw 49 of its levels.
You visited 1 bazaar.
You also visited: Bailey, Gauntlet, Ice Cave and Wizlab.

You collected 6904 gold pieces.
You spent 6260 gold pieces at shops.

Inventory:

Hand Weapons
 j - a +3 demon trident of freezing (weapon)
 S - the +8 trident of the Octopus King {venom, rElec rPois}
   (You found it on level 5 of the Lair of Beasts)

   rElec:     It insulates you from electricity.
   rPois:     It protects you from poison.
Missiles
 X - 5 throwing nets (quivered)
Armour
 a - a +2 pair of gloves of dexterity (worn)
 t - +7 gold dragon scales (worn)
 A - the +2 pair of slick slippers (worn) {slick, slippery, EV+4}
   (You bought it in a shop on level 3 of the Depths)

   Slick:     Its wearer cannot be constricted, engulfed, netted, webbed, or
   stopped by binding sigils.
   Slippery:  Its wearer slips away from damaging melee attacks, pulling the
   attacker onward.
   EV+4:      It affects your evasion (+4).
 I - the +5 gold dragon scales of Fopocaxu {Rampage rPois rF+ rC+ rN+ Int-2 Stlth+}
   (You bought it in a shop on level 4 of the Dungeon)

   Int-2:     It affects your intelligence (-2).
   rF+:       It protects you from fire.
   rC+:       It protects you from cold.
   rPois:     It protects you from poison.
   rN+:       It protects you from negative energy.
   Rampage:   It bestows one free step when moving towards enemies.
   Stlth+:    It makes you more stealthy.
 M - a +8 tower shield of positive energy (worn)
 T - a +2 cloak of willpower (worn)
Jewellery
 e - the ring of the Okapi (right hand) {^Contam rElec rPois rN+++ rCorr}
   (You acquired it on level 9 of the Dungeon)

   [ring of poison resistance]

   rElec:     It insulates you from electricity.
   rPois:     It protects you from poison.
   rN+++:     It renders you almost immune to negative energy.
   ^Contam:   It causes magical contamination when unequipped.
   rCorr:     It protects you from acid and corrosion.
 h - the ring "Orov" (left hand) {rF+ Will+ AC+4 Dex+3}
   (You found it on level 5 of the Pits of Slime)

   [ring of protection]

   AC+4:      It affects your AC (+4).
   Dex+3:     It affects your dexterity (+3).
   rF+:       It protects you from fire.
   Will+:     It increases your willpower.
 u - the ring of Loduuryk {Fire ^Contam rPois rN+ Slay+2}
   (You took it off a purple draconian on level 2 of the Realm of Zot)

   [ring of fire]

   Fire:      It enhances your fire magic.
   Slay+2:    It affects your accuracy & damage with ranged weapons and melee
   (+2).
   rF+:       It protects you from fire.
   rC-:       It makes you vulnerable to cold.
   rPois:     It protects you from poison.
   rN+:       It protects you from negative energy.
   ^Contam:   It causes magical contamination when unequipped.
 J - a ring of willpower
 R - an amulet of regeneration (around neck)
 U - the ring of Plog {rPois rN+ Str+4 Dex+3}
   (You found it on level 4 of the Lair of Beasts)

   [ring of poison resistance]

   Str+4:     It affects your strength (+4).
   Dex+3:     It affects your dexterity (+3).
   rPois:     It protects you from poison.
   rN+:       It protects you from negative energy.
Wands
 l - a wand of roots (35)
 v - a wand of mindburst (28)
 w - a wand of charming (25)
 x - a wand of flame (60)
 C - a wand of quicksilver (1)
 G - a wand of digging (27)
 Q - a wand of polymorph (14)
Scrolls
 g - 13 scrolls of teleportation
 k - 2 scrolls of torment
 o - 9 scrolls of immolation
 r - 11 scrolls of poison
 y - 5 scrolls of fog
 B - 7 scrolls of vulnerability
 E - 6 scrolls of revelation
 F - 2 scrolls of blinking
 L - 5 scrolls of fear
 N - 3 scrolls of brand weapon
 O - 3 scrolls of summoning
 P - 5 scrolls of silence
Potions
 b - a potion of cancellation
 c - 11 potions of enlightenment
 d - 15 potions of curing
 f - 2 potions of mutation
 m - 8 potions of haste
 n - 10 potions of lignification
 p - 3 potions of might
 q - 9 potions of heal wounds
 s - 6 potions of berserk rage
 z - 3 potions of magic
 K - 9 potions of resistance
 V - 4 potions of invisibility
 W - 5 potions of ambrosia
 Z - 7 potions of attraction
Miscellaneous
 i - a Gell's gravitambourine (2/2)
 D - a phantom mirror
 H - a lightning rod (4/4)
 Y - a condenser vane (inert)


   Skills:
 + Level 24.8 Fighting
 - Level 8.7(17.7) Axes
 + Level 23.6(24.1) Polearms
 + Level 24.3 Armour
 + Level 24.5 Dodging
 * Level 26.2 Shields
 + Level 15.0 Evocations


You had 25 spell levels left.
You didn't know any spells.
Your spell library was empty.

Dungeon Overview and Level Annotations

Branches:
Dungeon (15/15)            Temple (0/1) D:6            Lair (5/5) D:11
  Swamp (4/4) Lair:2       Spider (4/4) Lair:3        Slime (5/5) Lair:4
    Orc (2/2) D:9             Elf (0/3) Orc:2        Vaults (5/5) D:13
  Crypt (0/3) Vaults:3     Depths (4/4) D:15            Zot (5/5) Depths:4
 Bailey (visited)           IceCv (visited)          WizLab (visited)
Gauntlet (visited)

Altars:
Cheibriados
Fedhas
Hepliaklqana
Okawaru
Uskayaw
Xom
Zin
The Shining One
Beogh

Shops:
D:4 [*([   D:7 !   D:9 *   D:10 ?   D:14 *   Orc:2 [[(?   Vaults:2 (
Vaults:5 *   Depths:2 *[   Depths:3 [[

Portals:
Hell: Depths:1 Depths:2 Depths:3 Depths:4
Abyss: Lair:1 Depths:3
Pandemonium: Depths:2
Ziggurat: Depths:4

Annotations:
D:6 1 runed translucent door, growler's ghost, novice DsGl
Lair:1 2 transporters, Acoak's ghost, journeyman DgEE
Lair:3 3 runed translucent doors, AutarchDCSS's ghost, journeyman DrWn
Depths:1 2 transporters, Duof's ghost, veteran GnWn
Zot:1 2 transporters


Innate Abilities, Weirdness & Mutations

You have a pair of large horns on your head.
You reflexively headbutt those who attack you in melee.
Your system is resistant to poisons. (rPois)
You are robust. (+10% HP)


Message History

You headbutt the Orb Guardian, but do no damage.
The Orb Guardian is almost dead.
You block the Orb Guardian's attack.
You closely miss the Orb Guardian. Your headbutt misses the Orb Guardian.
The Orb Guardian is almost dead.
You block the Orb Guardian's attack.
You puncture the Orb Guardian! You freeze the Orb Guardian.
You kill the Orb Guardian!
Trog accepts your kill.
You start resting.
An Orb Guardian comes into view.
You barely miss the Orb Guardian. You headbutt the Orb Guardian!
The Orb Guardian is lightly wounded.
You impale the Orb Guardian!! You freeze the Orb Guardian.
Your headbutt misses the Orb Guardian.
The Orb Guardian is heavily wounded.
You block the Orb Guardian's attack.
You hit the Orb Guardian but do no damage.
The Orb Guardian is heavily wounded.
You block the Orb Guardian's attack.
You puncture the Orb Guardian! You freeze the Orb Guardian.
The Orb Guardian is heavily wounded.
You block the Orb Guardian's attack.
You hit the Orb Guardian. You freeze the Orb Guardian.
You headbutt the Orb Guardian!
The Orb Guardian is severely wounded.
You block the Orb Guardian's attack.
You hit the Orb Guardian but do no damage.
The Orb Guardian is severely wounded.
You block the Orb Guardian's attack.
You closely miss the Orb Guardian.
The Orb Guardian is severely wounded.
You block the Orb Guardian's attack.
You puncture the Orb Guardian! You freeze the Orb Guardian!
You kill the Orb Guardian!
Trog accepts your kill.
You start resting.
HP restored.
There is a staircase leading out of the dungeon here.
You have escaped!

##########...###.## #......##
....(........[....#######........
###########............#####.....
##.##########.#####.....
##########..#........#....##.....
............#.....##.#.##.##.....
#########.#.#.....#.>#..#.#....##
.......##.#.#..##.#.##..#...##+##
........#.#.#..#@.#.....#.#.....)
........#.#.##.#.##.....#.#......
........#.#....#........#.#......
........#.####.##########...##'##
........#.# #............#.##.#
........#.# #########...##.##.##
........#.##### ###.........
......###....)# #.#..##.##
....#.#######.### #.#.###.#


There were no monsters in sight!

Vanquished Creatures
  the Royal Jelly (Slime:5)
  Dissolution (Slime:3)
  3 dread liches
  Tiamat (Zot:1)
  4 orbs of fire
  3 ancient liches
  2 juggernauts
  Sojobo (Vaults:5)
  Boris (Depths:2)
  Bai Suzhen (Vaults:5)
  13 Killer Klowns
  2 curse toes
  Saint Roka (Orc:2)
  10 golden dragons
  Nikola (Spider:2)
  3 bone dragons (Depths:4)
  The ghost of Doorstop00 the Slayer, an adept MiBe of Trog (Vaults:4)
  Arachne (Spider:2)
  2 Tzitzimimeh
  5 electric golems
  19 tentacled monstrosities
  Jorgrun (Swamp:1)
  3 liches
  Mlioglotl (Swamp:2)
  2 Ice Fiends
  10 quicksilver dragons
  7 titans
  2 sphinxes
  28 Orb Guardians
  An Executioner (D:15)
  An eldritch tentacle (WizLab)
  17 acid blobs
  Frances (D:14)
  6 death cobs
  Kirke (Lair:5)
  A thorn hunter (Swamp:4)
  5 protean progenitors
  11 storm dragons
  4 tengu reavers (Vaults:5)
  7 shadow dragons
  A fenstrider witch (Swamp:2)
  Agnes (D:14)
  7 draconian monks
  9 rockslimes
  12 azure jellies
  8 frost giants
  An iron dragon (Vaults:5)
  3 balrugs
  8 fire giants
  4 draconian knights
  8 draconian shifters
  Louise (Spider:1)
  7 draconian scorchers
  8 ghost moths
  An emperor scorpion (Spider:4)
  16 vault wardens
  3 angels (Zot:4)
  4 draconian stormcallers (Zot:2)
  3 orc warlords
  A reaper (Depths:2)
  14 quicksilver oozes
  10 ironbound thunderhulks
  9 broodmothers
  22 ironbound preservers
  5 draconian annihilators
  16 stone giants
  29 very ugly things
  A formless jellyfish (Vaults:3)
  3 vampire knights
  11 black draconians
  Nessos (Orc:2)
  A bunyip (Swamp:4)
  7 green draconians
  6 eleionomae
  2 deep elf demonologists (Vaults:5)
  A minotaur (Gauntlet)
  5 red draconians
  10 white draconians
  16 dire elephants
  4 spark wasps
  5 war gargoyles
  25 purple draconians
  A blizzard demon (Zot:5)
  13 yellow draconians
  Josephine (D:14)
  12 ettins
  10 fire dragons
  2 deep elf high priests
  4 green deaths
  A shambling mangrove (Swamp:3)
  3 jiangshi (Depths:1)
  Snorg (Lair:5)
  7 entropy weavers
  9 ice dragons
  3 hell beasts
  12 yaktaur captains
  Harold (Orc:1)
  Fannar (Orc:1)
  15 hydras
  A salamander tyrant (Depths:2)
  A merfolk avatar (Lair:5)
  5 ogre magi
  9 alligators
  A caustic shrike simulacrum (IceCv)
  3 peacekeepers
  9 great orbs of eyes
  2 jorogumos (Spider:4)
  39 vault guards
  11 centaur warriors
  5 rakshasas
  A ghost crab (Swamp:3)
  3 boulder beetles
  8 ironbound frosthearts
  9 death yaks (Lair:5)
  10 two-headed ogres
  4 tengu warriors
  5 demonic crawlers
  10 deep troll shamans
  5 vampire magi
  An orc high priest (Orc:2)
  16 deep troll earth magi
  A hell hog (Depths:2)
  Urug (Orc:2)
  3 occultists
  3 soul eaters
  2 sun demons
  6 hell knights
  2 spriggan berserkers
  Sonja (D:13)
  A storm dragon zombie (Depths:1)
  8 spriggans
  2 skysharks
  A skyshark (shapeshifter) (Depths:3)
  A salamander mystic (Depths:2)
  11 skeletal warriors
  6 pharaoh ants
  11 iron trolls
  A spark wasp zombie (Depths:1)
  4 goliath frogs
  A sixfirhy (WizLab)
  A shadow wraith (WizLab)
  A swamp dragon (shapeshifter) (D:13)
  2 sun moths
  10 arcanists
  A shadow demon (WizLab)
  5 large abominations
  A spriggan druid (Swamp:4)
  11 spriggan simulacra (IceCv)
  9 orb spiders
  2 deep trolls (shapeshifter)
  21 ironbound convokers
  10 bog bodies
  73 deep trolls
  11 harpies
  3 glowing orange brains
  3 obsidian statues
  6 swamp dragons
  4 necromancers
  5 steelbarb worms
  A spectral wolf spider (Spider:3)
  A lindwurm (shapeshifter) (Vaults:5)
  12 lindwurms
  12 orc knights
  A shock serpent (shapeshifter) (Vaults:5)
  4 wolf spider zombies (Spider:3)
  6 deep elf pyromancers
  23 cyclopes
  A fire giant zombie (Depths:1)
  2 orc sorcerers (Orc:2)
  2 manticores
  A worldbinder (WizLab)
  13 wolf spiders
  5 salamanders (Depths:2)
  3 will-o-the-wisps
  2 phantasmal warriors (Vaults:5)
  4 shining eyes
  A moth of wrath (shapeshifter) (Vaults:5)
  A shining eye (shapeshifter) (Vaults:5)
  53 ugly things
  5 kobold blastminers
  2 elephants (Lair:5)
  Joseph (D:7)
  4 black mambas
  25 moths of wrath
  3 orange demons
  An apocalypse crab (WizLab)
  7 meliai
  16 vault sentinels
  3 eyes of devastation (Zot:5)
  3 torpor snails
  12 cane toads
  A smoke demon (Depths:1)
  A gargoyle (D:12)
  2 unseen horrors
  2 hellions
  6 rime drakes
  2 tormentors
  5 efreet
  3 anaconda simulacra (IceCv)
  A golden dragon simulacrum (IceCv)
  11 komodo dragons
  4 freezing wraiths
  10 ice devils (IceCv)
  A red devil (Gauntlet)
  26 yaktaurs
  8 trolls
  A tengu conjurer (Depths:1)
  A troll (shapeshifter) (D:14)
  11 polar bears
  2 bloated husks (Swamp:4)
  An alligator simulacrum (IceCv)
  2 queen bees (shapeshifter)
  26 tarantellas
  Prince Ribbit (Bailey)
  6 wolf spider simulacra (Spider:3)
  14 hornets
  6 dream sheep (Lair:5)
  3 raiju (WizLab)
  A glass eye (shapeshifter) (Vaults:5)
  21 jumping spiders
  6 tyrant leeches
  A jumping spider (shapeshifter) (WizLab)
  2 snapping turtles (Lair:5)
  5 glass eyes
  16 culicivoras
  20 blink frogs
  2 water elementals (Depths:3)
  5 shadows
  7 small abominations
  109 slime creatures
  5 wyverns
  3 vampires (Vaults:3)
  2 dire elephant simulacra (IceCv)
  22 yaks
  8 wraiths
  4 basilisks
  A fire bat (shapeshifter) (D:15)
  3 hogs (Lair:5)
  5 humans (Bailey)
  10 wargs
  10 golden eyes
  8 vampire mosquitoes
  2 steam dragons (Lair:5)
  Grum (D:8)
  7 minotaur simulacra (IceCv)
  38 redbacks
  A chaos spawn (Zot:4)
  18 swamp worms
  A human zombie (Depths:1)
  A harpy simulacrum (IceCv)
  Menkaure (D:4)
  2 hell hounds (Gauntlet)
  An acid dragon (D:9)
  A hydra simulacrum (IceCv)
  2 swamp drakes
  29 orc warriors
  9 water moccasins
  A swamp worm (shapeshifter) (Vaults:5)
  4 black bears (D:5)
  A meliai simulacrum (D:15)
  An ice beast (D:5)
  A black bear (shapeshifter) (D:15)
  A human skeleton (Depths:1)
  13 wolves
  16 ogres
  An ettin simulacrum (IceCv)
  10 centaurs
  5 boggarts
  A phantom (D:7)
  3 gnoll sergeants
  16 bullfrogs
  4 scorpions
  6 deep troll simulacra (IceCv)
  5 wights (D:8)
  A lindwurm simulacrum (IceCv)
  9 killer bees (D:9)
  4 howler monkeys
  2 bombardier beetles
  A lava snake (D:9)
  22 orc priests
  2 hounds (D:5)
  19 jellies
  2 sleepcaps
  2 gnoll boudas
  Ijyb (D:3)
  2 iguanas
  A hell rat (Lair:4)
  29 orc wizards
  Robin (D:4)
  6 adders
  23 gnolls
  A shadow imp (Gauntlet)
  3 white imps
  4 ufetubi (D:7)
  88 orcs
  24 endoplasms
  2 giant cockroaches
  17 goblins
  11 hobgoblins
  A quokka (D:4)
  5 ball pythons
  A bat (D:1)
  2 frilled lizards
  3 kobolds
  3 rats
2151 creatures vanquished.

Vanquished Creatures (collateral kills)
  2 Killer Klowns (Zot:5)
  An Orb Guardian (Zot:5)
  A draconian knight (Zot:1)
  A vault warden (Vaults:1)
  A draconian annihilator (Zot:4)
  An orc warlord (Vaults:1)
  An ironbound thunderhulk (Vaults:1)
  2 green draconians
  A purple draconian (Zot:4)
  A white draconian (Zot:4)
  A yellow draconian (Zot:1)
  A yaktaur captain (Vaults:1)
  A boulder beetle (Vaults:1)
  2 orc knights (Vaults:1)
  A moth of wrath (Zot:5)
  A vault sentinel (Vaults:1)
  A komodo dragon (Lair:5)
  2 yaktaurs (Vaults:1)
  2 tengu conjurers (Depths:3)
  A polar bear (Lair:5)
  A hornet (Lair:5)
  A wyvern (Lair:5)
  A steam dragon (Lair:5)
  2 yaks (Lair:5)
30 creatures vanquished.

Vanquished Creatures (others)
  A golden dragon (Zot:3)
  An eldritch tentacle (WizLab)
  A draconian knight (Zot:1)
  3 draconian annihilators
  An ironbound preserver (Vaults:5)
  A vampire knight (Depths:3)
  A white draconian (Zot:1)
  A spriggan druid (Swamp:3)
  A steelbarb worm (Spider:4)
  A wolf spider (Spider:3)
  3 bloated husks
  2 spriggans (Swamp:3)
  A human (Lair:5)
  A swamp worm (Swamp:3)
  An orc wizard (Orc:2)
  18 foxfires
38 creatures vanquished.

Grand Total: 2219 creatures vanquished

Notes
Turn   | Place    | Note
-------+----------+-------------------------------------------
     0 | D:1      | SuperProcrastinator the Minotaur Berserker began the quest
                  | for the Orb.
     0 | D:1      | Reached XP level 1. HP: 19/19 MP: 0/0
   545 | D:1      | Reached XP level 2. HP: 27/27 MP: 1/1
  1180 | D:2      | Identified the +4 leather armour of Youthful Indiscretion
                  | {rElec rF+ Will+}
  1201 | D:2      | Reached XP level 3. HP: 21/33 MP: 2/2
  1580 | D:2      | Reached ** piety under Trog
  1924 | D:3      | Noticed Ijyb
  1935 | D:3      | Killed Ijyb
  1936 | D:3      | Reached XP level 4. HP: 41/41 MP: 3/3
  2295 | D:4      | Found an iron altar of Okawaru.
  2303 | D:4      | Noticed Menkaure
  2309 | D:4      | Killed Menkaure
  2310 | D:4      | Reached XP level 5. HP: 47/47 MP: 4/4
  2312 | D:4      | Noticed Robin
  2324 | D:4      | Reached skill level 5 in Polearms
  2328 | D:4      | Killed Robin
  2329 | D:4      | Reached skill level 5 in Fighting
  2429 | D:4      | Found Xuduc's Assorted Antiques.
  2437 | D:4      | Found Poungir's Antique Armour Boutique.
  2437 | D:4      | Found Foops's Antique Armour Boutique.
  2438 | D:4      | Found Yguine's Weapon Boutique.
  2449 | D:4      | Reached XP level 6. HP: 56/56 MP: 5/5
  2972 | D:5      | Entered Level 5 of the Dungeon
  3090 | D:5      | Reached skill level 5 in Armour
  3090 | D:5      | Reached XP level 7. HP: 62/62 MP: 6/6
  3333 | D:5      | Reached skill level 5 in Dodging
  3896 | D:5      | Reached XP level 8. HP: 66/71 MP: 7/7
  4228 | D:6      | Found a glowing golden altar of the Shining One.
  4449 | D:6      | Found a staircase to the Ecumenical Temple.
  4954 | D:6      | Found a runed translucent door.
  4954 | D:6      | Noticed growler's ghost (novice DsGl)
  5465 | D:7      | Found Joityw's Distillery.
  5491 | D:7      | Bought a potion of curing for 39 gold pieces
  5491 | D:7      | Bought a potion of heal wounds for 65 gold pieces
  5491 | D:7      | Bought a potion of might for 52 gold pieces
  5491 | D:7      | Bought a potion of enlightenment for 65 gold pieces
  5501 | D:7      | Reached *** piety under Trog
  5729 | D:7      | Reached XP level 9. HP: 71/81 MP: 8/8
  5989 | D:7      | Noticed Joseph
  5997 | D:7      | Killed Joseph
  6246 | D:7      | Found a hazy altar of Hepliaklqana.
  6296 | D:7      | Found a glowing silver altar of Zin.
  6445 | D:8      | Noticed a two-headed ogre
  6455 | D:8      | Killed a two-headed ogre
  6522 | D:8      | Noticed Grum
  6535 | D:8      | Killed Grum
  6820 | D:8      | Reached XP level 10. HP: 91/91 MP: 9/9
  7446 | D:9      | Found Guduogagh's General Store.
  7749 | D:9      | Found a snail-covered altar of Cheibriados.
  7853 | D:9      | Identified the +1 glaive "Nasirra" {chaos, Str+2 Int+3}
  7867 | D:9      | Reached **** piety under Trog
  8031 | D:9      | Identified a scroll of acquirement
  8041 | D:9      | Acquired the ring of the Okapi {^Contam rElec rPois rN+++
                  | rCorr}
  8224 | D:9      | Noticed a two-headed ogre
  8231 | D:9      | Killed a two-headed ogre
  8232 | D:9      | Reached skill level 10 in Fighting
  8232 | D:9      | Reached skill level 10 in Polearms
  8548 | D:9      | Bought a scroll of fog for 52 gold pieces
  8688 | D:9      | Found a staircase to the Orcish Mines.
  8848 | D:4      | Bought a faintly humming hat for 252 gold pieces
  8848 | D:4      | Identified the +2 hat of Uzotruzue {rElec Will- Int+5} (You
                  | bought it in a shop on level 4 of the Dungeon)
  8991 | D:10     | Entered Level 10 of the Dungeon
  9148 | D:10     | Reached skill level 10 in Armour
  9245 | D:10     | Found a blossoming altar of Fedhas.
  9299 | D:10     | Found Gescha's Magic Scroll Shop.
  9413 | D:10     | Found a flagged portal.
  9431 | Bailey   | Entered a bailey
  9591 | Bailey   | Noticed Prince Ribbit
  9592 | Bailey   | Noticed a vault guard
  9604 | Bailey   | Killed Prince Ribbit
  9605 | Bailey   | Reached XP level 11. HP: 101/101 MP: 10/10
  9612 | Bailey   | Killed a vault guard
  9725 | Bailey   | Noticed a vault guard
  9736 | Bailey   | Killed a vault guard
  9815 | Bailey   | Reached skill level 10 in Dodging
  9989 | D:10     | Identified the serpent talisman of Gravitas {rElec Will-
                  | Int+4}
 10455 | D:11     | Found a staircase to the Lair.
 10772 | D:11     | Noticed a two-headed ogre
 10779 | D:11     | Killed a two-headed ogre
 10841 | D:11     | Noticed a deep elf pyromancer
 10851 | D:11     | Killed a deep elf pyromancer
 10874 | D:11     | Noticed a deep elf pyromancer
 10877 | D:11     | Noticed an occultist
 10887 | D:11     | Killed a deep elf pyromancer
 10891 | D:11     | Noticed an occultist
 10897 | D:11     | Killed an occultist
 10902 | D:11     | Killed an occultist
 11058 | D:11     | You fall into a shaft and drop 1 floor!
 11093 | D:12     | Noticed a boulder beetle
 11107 | D:12     | Killed a boulder beetle
 11436 | D:11     | Noticed a green ugly thing
 11448 | D:11     | Killed a green ugly thing
 11657 | D:11     | Noticed an ettin
 11665 | D:11     | Killed an ettin
 11666 | D:11     | Reached XP level 12. HP: 113/113 MP: 11/11
 11811 | D:11     | Noticed a centaur warrior
 12063 | D:11     | Noticed an ettin
 12071 | D:11     | Killed an ettin
 12315 | D:11     | Killed a centaur warrior
 12654 | D:11     | Noticed an ettin
 12664 | D:11     | Killed an ettin
 13070 | D:11     | Noticed a stone giant
 13085 | D:11     | Killed a stone giant
 13205 | D:11     | Found the +4 consecrated labrys {holy, Valiant ^Fragile Fly
                  | SInv}
 13208 | D:11     | Identified the +3 shortbow of Shrieking Valour {flame, Fly
                  | rElec Dex+2}
 13214 | D:11     | Identified the +6 quarterstaff of the Puffball {antimagic,
                  | rF+ Dex+2}
 13236 | D:11     | Identified the staff "Nomid" {rC+ Str+3 Dex+3 Ice}
 13681 | D:11     | Noticed an ogre mage
 13682 | D:11     | Noticed a two-headed ogre
 13684 | D:11     | Noticed an ogre mage
 13687 | D:11     | Killed an ogre mage
 13693 | D:11     | Killed a two-headed ogre
 13695 | D:11     | Killed an ogre mage
 13696 | D:11     | Reached XP level 13. HP: 123/123 MP: 12/12
 14023 | Lair:1   | Entered Level 1 of the Lair of Beasts
 14267 | Lair:1   | Found a transporter.
 14267 | Lair:1   | Found a transporter.
 14365 | Lair:1   | Reached skill level 1 in Axes
 14889 | Lair:1   | Reached ***** piety under Trog
 14964 | Lair:1   | Found a one-way gate to the infinite horrors of the Abyss.
 14964 | Lair:1   | Noticed Acoak's ghost (journeyman DgEE)
 15414 | Lair:2   | Found a staircase to the Swamp.
 16073 | Lair:2   | Reached skill level 5 in Axes
 16794 | Lair:3   | Found a runed translucent gate.
 16794 | Lair:3   | Found a runed translucent gate.
 16803 | Lair:3   | Found a runed translucent gate.
 16972 | Lair:3   | Found a hole to the Spider Nest.
 17046 | Lair:3   | Noticed AutarchDCSS's ghost (journeyman DrWn)
 17130 | Lair:3   | Identified the +8 quarterstaff of the Arcadian God {venom,
                  | rF+ rN+ Will+}
 17524 | Lair:4   | Received a gift from Trog
 17530 | Lair:4   | Reached skill level 15 in Fighting
 17653 | Lair:4   | Found a staircase to the Slime Pits.
 17653 | Lair:4   | Identified the ring of Plog {rPois rN+ Str+4 Dex+3}
 18338 | Lair:5   | Entered Level 5 of the Lair of Beasts
 18407 | Lair:5   | Reached XP level 14. HP: 135/135 MP: 13/13
 18428 | Lair:5   | Reached skill level 15 in Armour
 19088 | Lair:5   | Noticed Snorg
 19098 | Lair:5   | Killed Snorg
 19851 | Lair:5   | Noticed Kirke
 19863 | Lair:5   | Killed Kirke
 19943 | Lair:5   | Found the +8 trident of the Octopus King {venom, rElec
                  | rPois}
 20094 | Lair:5   | Received a gift from Trog
 21089 | D:4      | Bought a pair of runed gloves for 210 gold pieces
 21089 | D:4      | Bought a pair of runed boots for 210 gold pieces
 21249 | Orc:1    | Entered Level 1 of the Orcish Mines
 21250 | Orc:1    | Noticed Fannar
 21265 | Orc:1    | Killed Fannar
 21468 | Orc:2    | Entered Level 2 of the Orcish Mines
 21468 | Orc:2    | Found a roughly hewn altar of Beogh.
 21542 | Orc:2    | Noticed Saint Roka
 21545 | Orc:2    | Noticed Nessos
 21565 | Orc:2    | Killed Nessos
 21579 | Orc:2    | Killed Saint Roka
 21978 | Orc:2    | Found a staircase to the Elven Halls.
 22035 | Orc:2    | Reached XP level 15. HP: 138/145 MP: 14/14
 22040 | Orc:2    | Received a gift from Trog
 22091 | Orc:2    | Reached skill level 15 in Dodging
 22248 | Orc:2    | Found Xapnat's Antique Weapon Shop.
 22249 | Orc:2    | Found a roughly hewn altar of Beogh.
 22250 | Orc:2    | Found Jocw's Antique Armour Boutique.
 22391 | Orc:2    | Found a roughly hewn altar of Beogh.
 22432 | Orc:2    | Found Zoffakuf's Magic Scroll Shoppe.
 22486 | Orc:2    | Found a roughly hewn altar of Beogh.
 22752 | Orc:2    | Found a roughly hewn altar of Beogh.
 22768 | Orc:2    | Found Ismum's Antique Armour Emporium.
 22831 | Orc:2    | Noticed Urug
 22840 | Orc:2    | Killed Urug
 22869 | Orc:2    | Found a roughly hewn altar of Beogh.
 22875 | Orc:2    | Reached skill level 1 in Shields
 22902 | Orc:2    | Found a roughly hewn altar of Beogh.
 23067 | Orc:2    | Found a roughly hewn altar of Beogh.
 23102 | Orc:1    | Noticed Harold
 23109 | Orc:1    | Killed Harold
 23110 | Orc:1    | Reached skill level 2 in Shields
 23950 | D:12     | Received a gift from Trog
 24001 | D:12     | Reached skill level 3 in Shields
 24357 | D:13     | Noticed Sonja
 24363 | D:13     | Killed Sonja
 24515 | D:13     | Reached skill level 4 in Shields
 24853 | D:14     | Found Dazush's Neck Hole.
 24911 | D:14     | Noticed Josephine
 24940 | D:14     | Reached skill level 1 in Evocations
 24954 | D:14     | Killed Josephine
 24976 | D:14     | Reached skill level 5 in Shields
 25252 | D:14     | Noticed Agnes
 25258 | D:14     | Killed Agnes
 25412 | D:14     | Noticed Frances
 25427 | D:14     | Killed Frances
 25628 | D:13     | Reached skill level 6 in Shields
 25721 | D:13     | Reached skill level 15 in Polearms
 26046 | D:13     | Found a gate to the Vaults.
 26228 | D:13     | Received a gift from Trog
 26476 | D:15     | Entered Level 15 of the Dungeon
 26500 | D:15     | Found a gate leading to a gauntlet.
 26518 | Gauntlet | Entered a Gauntlet
 26518 | Gauntlet | Found a transporter.
 26518 | Gauntlet | Found a transporter.
 26533 | Gauntlet | Found a transporter.
 26537 | Gauntlet | Found a transporter.
 26546 | Gauntlet | Found a transporter.
 26549 | Gauntlet | Found a transporter.
 26557 | Gauntlet | Found a transporter.
 26572 | Gauntlet | Found a runed translucent gate.
 26573 | Gauntlet | Found a transporter.
 26573 | Gauntlet | Found a runed translucent gate.
 26574 | Gauntlet | Found a runed translucent gate.
 26587 | Gauntlet | Found a transporter.
 26591 | Gauntlet | Found a transporter.
 26599 | Gauntlet | Found a transporter.
 26603 | Gauntlet | Found a transporter.
 26656 | Gauntlet | Reached skill level 7 in Shields
 26716 | Gauntlet | Identified the +3 dagger of Animal Spirits {heavy, Int+4}
 26729 | Gauntlet | Reached XP level 16. HP: 152/155 MP: 15/15
 27443 | D:15     | Reached skill level 8 in Shields
 27979 | D:15     | Found a staircase to the Depths.
 28447 | Spider:1 | Entered Level 1 of the Spider Nest
 28449 | Spider:1 | Found a glacial archway.
 28461 | Spider:1 | Reached ****** piety under Trog
 28471 | IceCv    | Entered an ice cave
 28706 | IceCv    | Reached skill level 9 in Shields
 28940 | IceCv    | Received a gift from Trog
 29924 | IceCv    | Noticed an Ice Fiend
 29934 | IceCv    | Killed an Ice Fiend
 30159 | IceCv    | Found the +8 frozen axe "Frostbite" {freeze, freezing
                  | cloud, *Noise Fly rC+}
 30159 | IceCv    | Found the +4 skin of Zhor {*Englaciate rC+++ SInv}
 30284 | Spider:1 | Noticed Louise
 30316 | Spider:1 | Killed Louise
 30319 | Spider:1 | Reached skill level 10 in Shields
 30747 | Spider:1 | Received a gift from Trog
 30884 | Spider:1 | You fall into a shaft and drop 1 floor!
 30917 | Spider:2 | Reached skill level 5 in Evocations
 31015 | Spider:2 | Reached XP level 17. HP: 163/163 MP: 16/16
 31271 | Spider:2 | Noticed Arachne
 31292 | Spider:2 | Killed Arachne
 32263 | Spider:2 | Noticed Nikola
 32536 | Spider:2 | Killed Nikola
 33043 | Spider:3 | Reached skill level 11 in Shields
 33325 | Spider:3 | Received a gift from Trog
 33982 | Spider:4 | Entered Level 4 of the Spider Nest
 34943 | Spider:4 | Reached skill level 12 in Shields
 35404 | Spider:4 | Identified the +11 war axe "Jellyslayer" {flame, rF- rC+++
                  | rN+ Will++} (Trog gifted it to you on level 4 of the Spider
                  | Nest)
 35404 | Spider:4 | Received a gift from Trog
 35553 | Spider:4 | Got a gossamer rune of Zot
 36644 | D:4      | Bought heavily runed gold dragon scales for 2380 gold
                  | pieces
 36644 | D:4      | Identified the +5 gold dragon scales of Fopocaxu {Rampage
                  | rPois rF+ rC+ rN+ Int-2 Stlth+} (You bought it in a shop on
                  | level 4 of the Dungeon)
 36915 | Swamp:1  | Entered Level 1 of the Swamp
 36940 | Swamp:1  | Noticed Jorgrun
 36961 | Swamp:1  | Killed Jorgrun
 37680 | Swamp:1  | Identified the +10 sling of the Protecting Gods {drain,
                  | Dex+3}
 37785 | Swamp:2  | Reached XP level 18. HP: 160/173 MP: 17/17
 37849 | Swamp:2  | Reached skill level 13 in Shields
 37915 | Swamp:2  | Paralysed by a fenstrider witch for 2 turns
 38409 | Swamp:2  | Identified the +1 leather armour "Pec Syox" {Regen+ Str+4}
 38482 | Swamp:2  | Noticed Mlioglotl
 38495 | Swamp:2  | Killed Mlioglotl
 38882 | Swamp:3  | Received a gift from Trog
 39609 | Swamp:4  | Entered Level 4 of the Swamp
 40648 | Swamp:4  | Reached skill level 14 in Shields
 41034 | Swamp:4  | Got a decaying rune of Zot
 41453 | Vaults:1 | Entered Level 1 of the Vaults
 41601 | Vaults:1 | Found a flickering gateway to a bazaar.
 41607 | Bazaar   | Entered a bazaar
 41607 | Bazaar   | Found Wenoc's Armour Shop.
 41607 | Bazaar   | Found Nuneoly's Jewellery Shoppe.
 41607 | Bazaar   | Found Bakydoih's General Store.
 41609 | Bazaar   | Found Kicsotid's Distillery.
 41609 | Bazaar   | Found Tiesomo's Distillery.
 41649 | Bazaar   | Bought a potion of haste for 130 gold pieces
 41649 | Bazaar   | Bought a potion of heal wounds for 65 gold pieces
 41649 | Bazaar   | Bought a potion of haste for 130 gold pieces
 41654 | Bazaar   | Bought a potion of haste for 120 gold pieces
 41654 | Bazaar   | Bought a potion of curing for 36 gold pieces
 41754 | Vaults:1 | Found a magical portal.
 41759 | WizLab   | Entered The Roulette of Golubria
 41759 | WizLab   | Found a transporter.
 41762 | WizLab   | Found a corrupted altar of Lugonu.
 42008 | WizLab   | Found a transporter.
 42017 | WizLab   | Found a transporter.
 42017 | WizLab   | Found a transporter.
 42229 | WizLab   | Found a transporter.
 42306 | WizLab   | Found a corrupted altar of Lugonu.
 42333 | WizLab   | Found the +1 cloak of Starlight {*Dazzle EV+4 Stlth--}
 42345 | WizLab   | Found a transporter.
 42528 | WizLab   | Found a transporter.
 42528 | WizLab   | Found a transporter.
 42945 | WizLab   | Identified the +4 cloak "Xoubid" {*Corrode rN+++ Int+3
                  | Dex+6}
 43045 | WizLab   | Found a transporter.
 43045 | WizLab   | Found a transporter.
 43058 | WizLab   | Reached skill level 15 in Shields
 43058 | WizLab   | Reached XP level 19. HP: 183/183 MP: 18/18
 43138 | WizLab   | Found a transporter.
 43138 | WizLab   | Found a transporter.
 43151 | WizLab   | Identified the ring "Wusutriwn" {Fly Dex+3}
 43162 | WizLab   | Found a transporter.
 43174 | WizLab   | Found a transporter.
 43267 | WizLab   | Found a transporter.
 43267 | WizLab   | Found a transporter.
 43287 | WizLab   | Received a gift from Trog
 43394 | WizLab   | Found a transporter.
 43395 | WizLab   | Found a transporter.
 43950 | Vaults:1 | Identified the +8 long sword of Ad Valorem {speed, Int+4}
 45798 | Vaults:2 | Received a gift from Trog
 46245 | Vaults:2 | Identified the +1 robe of the Sun {Dex+2 SInv}
 46354 | Vaults:2 | Reached skill level 16 in Shields
 46634 | Vaults:2 | Found Jeycsuacw's Weapon Emporium.
 46795 | Vaults:2 | Found a glowing golden altar of the Shining One.
 47690 | Vaults:3 | Received a gift from Trog
 47903 | Vaults:3 | Reached XP level 20. HP: 131/193 MP: 19/19
 48105 | Vaults:3 | Reached skill level 17 in Shields
 48140 | Vaults:3 | Received a gift from Trog
 49529 | Vaults:3 | Found a staircase to the Crypt.
 50299 | Vaults:4 | Reached skill level 18 in Shields
 50557 | Vaults:4 | Reached skill level 10 in Evocations
 50701 | Vaults:4 | Received a gift from Trog
 50828 | Vaults:4 | Found a large runed translucent door.
 50828 | Vaults:4 | Found a large runed translucent door.
 50830 | Vaults:4 | Noticed Doorstop00's ghost (adept MiBe)
 51576 | Vaults:4 | Killed Doorstop00's ghost
 51635 | Vaults:4 | Identified the ring "Cytrack" {Fire Fly Dex-3 SInv}
 51702 | Vaults:5 | Entered Level 5 of the Vaults
 51719 | Vaults:5 | Reached XP level 21. HP: 190/203 MP: 20/20
 51965 | Vaults:5 | Received a gift from Trog
 52350 | Vaults:5 | Noticed Bai Suzhen
 52372 | Vaults:5 | Killed Bai Suzhen
 52490 | Vaults:5 | Noticed an ancient lich
 52509 | Vaults:5 | Gained mutation: Your body sometimes deteriorates upon
                  | taking damage. [a shining eye]
 52510 | Vaults:5 | Reached skill level 19 in Shields
 52615 | Vaults:5 | Killed an ancient lich
 52678 | Vaults:5 | Lost mutation: Your body sometimes deteriorates upon taking
                  | damage. [potion of mutation]
 52678 | Vaults:5 | Gained mutation: You possess an exceptional clarity of
                  | mind. [potion of mutation]
 52678 | Vaults:5 | Lost mutation: You possess an exceptional clarity of mind.
                  | [potion of mutation]
 52678 | Vaults:5 | Gained mutation: Your mind is acute. (Int +4, Str/Dex -1)
                  | [potion of mutation]
 52914 | Vaults:5 | Got a silver rune of Zot
 52916 | Vaults:5 | Identified the +2 robe of Ogiof {Archmagi}
 52969 | Vaults:5 | Identified the ring of Buseh {rPois rF+ Dex+5}
 53015 | Vaults:5 | Paralysed by a sphinx for 3 turns
 53055 | Vaults:5 | Received a gift from Trog
 53107 | Vaults:5 | Noticed a dread lich
 53121 | Vaults:5 | Noticed a golden dragon
 53121 | Vaults:5 | Killed a dread lich
 53130 | Vaults:5 | Killed a golden dragon
 53175 | Vaults:5 | Noticed Sojobo
 53201 | Vaults:5 | Killed Sojobo
 53303 | Vaults:5 | Noticed an ancient lich
 53336 | Vaults:5 | Killed an ancient lich
 53802 | Vaults:5 | Identified the +5 spear of Fawi {protect, Str+6}
 53918 | Vaults:5 | Reached XP level 22. HP: 213/213 MP: 21/21
 53943 | Vaults:5 | Reached skill level 20 in Shields
 54293 | Vaults:5 | Found Cocero's General Store.
 54431 | Vaults:5 | Bought a scroll of acquirement for 1248 gold pieces
 54437 | Vaults:5 | Acquired a +1 demon trident of electrocution
 54467 | Vaults:5 | Received a gift from Trog
 54961 | Slime:1  | Entered Level 1 of the Pits of Slime
 55470 | Slime:3  | Noticed Dissolution
 55487 | Slime:3  | Killed Dissolution
 55505 | Slime:3  | Gained mutation: You are frail. (-10% HP) [a shining eye]
 55792 | Slime:2  | Gained mutation: You have a pair of large horns on your
                  | head. [a shining eye]
 57136 | Slime:5  | Entered Level 5 of the Pits of Slime
 57168 | Slime:5  | Gained mutation: You do not regenerate when monsters are
                  | visible. [a shining eye]
 57171 | Slime:5  | Received a gift from Trog
 57518 | Slime:5  | Noticed the Royal Jelly
 57808 | Slime:5  | Killed the Royal Jelly
 58161 | Slime:5  | Identified the +4 orcbow of Clean Prudence {heavy, ^Fragile
                  | rN+ rCorr}
 58167 | Slime:5  | Identified the +9 spear "Fexuavuh" {flame, rF++ Will+ Str+4
                  | Dex-3}
 58215 | Slime:5  | Identified the +0 ring mail of Leapfrog {Str+3}
 58220 | Slime:5  | Got a slimy rune of Zot
 58294 | Slime:5  | Identified the ring "Kuulit" {*Corrode rElec Will- Int+6
                  | Dex+5}
 58306 | Slime:5  | Identified the +2 chain mail of Yffyrrat {rN+ Regen+ rCorr
                  | Stlth+}
 58310 | Slime:5  | Identified the ring "Orov" {rF+ Will+ AC+4 Dex+3}
 58367 | Slime:3  | Lost mutation: You have a pair of large horns on your head.
                  | [potion of mutation]
 58367 | Slime:3  | Lost mutation: Your mind is acute. (Int +4, Str/Dex -1)
                  | [potion of mutation]
 58367 | Slime:3  | Lost mutation: You are frail. (-10% HP) [potion of
                  | mutation]
 58367 | Slime:3  | Gained mutation: You possess an exceptional clarity of
                  | mind. [potion of mutation]
 58367 | Slime:3  | Gained mutation: You have an increased reservoir of magic.
                  | (+10% MP) [potion of mutation]
 58368 | Slime:3  | Lost mutation: You possess an exceptional clarity of mind.
                  | [potion of mutation]
 58368 | Slime:3  | Lost mutation: You have an increased reservoir of magic.
                  | (+10% MP) [potion of mutation]
 58368 | Slime:3  | Gained mutation: You expend magic power (3 MP) to
                  | strengthen your wands. [potion of mutation]
 58368 | Slime:3  | Gained mutation: You are partially covered in iridescent
                  | scales. (AC +2) [potion of mutation]
 58368 | Slime:3  | Gained mutation: You are vulnerable to heat. (rF-) [potion
                  | of mutation]
 58368 | Slime:3  | Gained mutation: You have hidden genetic potential. [potion
                  | of mutation]
 58369 | Slime:3  | Lost mutation: You do not regenerate when monsters are
                  | visible. [potion of mutation]
 58369 | Slime:3  | Lost mutation: You are vulnerable to heat. (rF-) [potion of
                  | mutation]
 58369 | Slime:3  | Gained mutation: You are agile. (Dex +4, Str/Int -1)
                  | [potion of mutation]
 58649 | Depths:1 | Entered Level 1 of the Depths
 58744 | Depths:1 | Reached skill level 21 in Shields
 59084 | Depths:1 | Found a transporter.
 59085 | Depths:1 | Noticed Duof's ghost (veteran GnWn)
 59085 | Depths:1 | Identified the +4 great mace of the Fox {flame, rF+ Will+
                  | MP-9}
 59087 | Depths:1 | Found the +8 Vampire's Tooth {megavamp}
 59141 | Depths:1 | Found a transporter.
 59191 | Depths:1 | You fall into a shaft and drop 1 floor!
 59224 | Depths:2 | Reached XP level 23. HP: 223/223 MP: 22/22
 59276 | Depths:2 | Identified the +2 robe "Ruluh" {^Drain Str+2 Dex+6 Stlth+}
 59276 | Depths:2 | Noticed Boris
 59293 | Depths:2 | Killed Boris
 59384 | Depths:2 | Found Usuaz's Armour Shoppe.
 59384 | Depths:2 | Found Eteppus's Assorted Antiques.
 59386 | Depths:2 | Identified the +0 ring mail "Yduad" {rElec}
 59527 | Depths:2 | Received a gift from Trog
 60041 | Depths:2 | Found a gateway to Hell.
 60042 | Depths:2 | Found the +8 demon blade "Leech" {evervamp, Harm ^Drain
                  | rN+}
 60083 | Depths:2 | Found a one-way gate leading to the halls of Pandemonium.
 60738 | Depths:3 | Found Cist's Armour Boutique.
 60791 | Depths:3 | Reached skill level 22 in Shields
 61427 | Depths:3 | Noticed a juggernaut
 61661 | Depths:3 | Killed a juggernaut
 61827 | Depths:3 | Gained mutation: You have great hidden genetic potential.
                  | [hidden potential]
 61870 | Depths:3 | Identified the +1 dagger of the Holding Owl {speed, Int+2
                  | Stlth+}
 62019 | Depths:3 | Found Coroxa Cett's Armour Shoppe.
 62030 | Depths:3 | Bought the +2 pair of slick slippers {slick, slippery,
                  | EV+4} for 513 gold pieces
 62030 | Depths:3 | Found the +2 pair of slick slippers {slick, slippery, EV+4}
 62107 | Depths:4 | Entered Level 4 of the Depths
 62287 | Depths:4 | Received a gift from Trog
 62413 | Depths:4 | Found a gate to the Realm of Zot.
 62733 | Depths:4 | Found a hide-covered altar of Uskayaw.
 62749 | Depths:4 | Noticed a juggernaut
 62933 | Depths:4 | Killed a juggernaut
 62934 | Depths:4 | Reached XP level 24. HP: 171/235 MP: 16/22
 63063 | Depths:4 | Found a one-way gateway to a ziggurat.
 63348 | Zot:1    | Entered Level 1 of the Realm of Zot
 63429 | Zot:1    | Reached skill level 23 in Shields
 63728 | Zot:1    | Received a gift from Trog
 63980 | Zot:1    | You fall into a shaft and drop 1 floor!
 64115 | Zot:2    | Noticed an orb of fire
 64127 | Zot:2    | Gained mutation: You are very agile. (Dex +8, Str/Int -2)
                  | [an orb of fire]
 64140 | Zot:2    | Killed an orb of fire
 64867 | D:9      | Bought a potion of mutation for 104 gold pieces
 64867 | D:9      | Bought a scroll of enchant armour for 97 gold pieces
 65034 | Orc:2    | Bought a scroll of enchant armour for 120 gold pieces
 65362 | Vaults:5 | Bought a potion of invisibility for 192 gold pieces
 65362 | Vaults:5 | Bought a scroll of enchant armour for 180 gold pieces
 66282 | Zot:1    | Found a transporter.
 66511 | Zot:2    | Found the +4 dragonskin cloak {Aegis}
 66511 | Zot:2    | Noticed Tiamat
 66591 | Zot:1    | Found a transporter.
 66592 | Zot:1    | Gained mutation: You have supernaturally acute eyesight.
                  | (SInv) [hidden potential]
 66592 | Zot:1    | Lost mutation: You have great hidden genetic potential.
                  | [hidden potential expressed]
 66989 | Zot:1    | Killed Tiamat
 67284 | Zot:2    | Noticed a Killer Klown
 67312 | Zot:2    | Killed a Killer Klown
 67316 | Zot:2    | Received a gift from Trog
 67375 | Zot:2    | Noticed a Killer Klown
 67376 | Zot:2    | Identified the ring of Loduuryk {Fire ^Contam rPois rN+
                  | Slay+2}
 67388 | Zot:2    | Killed a Killer Klown
 67429 | Zot:2    | Reached skill level 24 in Shields
 68018 | Zot:3    | Noticed a Killer Klown
 68041 | Zot:3    | Killed a Killer Klown
 68042 | Zot:3    | Reached XP level 25. HP: 245/245 MP: 22/22
 69077 | Zot:4    | Noticed a Killer Klown
 69096 | Zot:4    | Killed a Killer Klown
 69625 | Zot:4    | Received a gift from Trog
 69848 | Zot:4    | Found a shimmering altar of Xom.
 69850 | Zot:4    | Noticed a Killer Klown
 70035 | Zot:4    | Killed a Killer Klown
 70053 | Zot:4    | Gained mutation: You have sharp toenails. [hidden
                  | potential]
 70133 | Zot:4    | Found a shimmering altar of Xom.
 70133 | Zot:4    | Found a shimmering altar of Xom.
 70134 | Zot:4    | Found a glowing silver altar of Zin.
 70153 | Zot:4    | Reached skill level 25 in Shields
 70214 | Zot:4    | Found a shimmering altar of Xom.
 70214 | Zot:4    | Found a shimmering altar of Xom.
 70214 | Zot:4    | Found a shimmering altar of Xom.
 70215 | Zot:4    | Found a shimmering altar of Xom.
 70215 | Zot:4    | Found a shimmering altar of Xom.
 70402 | Zot:4    | Noticed a Killer Klown
 70417 | Zot:4    | Killed a Killer Klown
 70461 | Zot:5    | Entered Level 5 of the Realm of Zot
 71182 | Zot:5    | Noticed a dread lich
 71194 | Zot:5    | Killed a dread lich
 71194 | Zot:5    | Noticed a Killer Klown
 71208 | Zot:5    | Killed a Killer Klown
 71208 | Zot:5    | Received a gift from Trog
 71209 | Zot:5    | Noticed a Killer Klown
 71212 | Zot:5    | Noticed a Killer Klown
 71213 | Zot:5    | Noticed a Killer Klown
 71215 | Zot:5    | Noticed an orb of fire
 71219 | Zot:5    | Gained mutation: Your body sometimes deteriorates upon
                  | taking damage. [an orb of fire]
 71231 | Zot:5    | Killed an orb of fire
 71246 | Zot:5    | Killed a Killer Klown
 71246 | Zot:5    | Killed a Killer Klown
 71268 | Zot:5    | Killed a Killer Klown
 71372 | Zot:5    | Reached XP level 26. HP: 256/256 MP: 22/22
 71660 | Zot:5    | Noticed an orb of fire
 71671 | Zot:5    | Gained mutation: You sometimes lose your temper in combat.
                  | [an orb of fire]
 71674 | Zot:5    | Noticed an orb of fire
 71675 | Zot:5    | Gained mutation: You occasionally shout uncontrollably at
                  | your foes. [an orb of fire]
 71684 | Zot:5    | Gained mutation: Your spells are a little easier to cast,
                  | but a little less powerful. [an orb of fire]
 71686 | Zot:5    | Noticed an ancient lich
 71704 | Zot:5    | Killed an orb of fire
 71712 | Zot:5    | Noticed a dread lich
 71716 | Zot:5    | Killed an orb of fire
 71727 | Zot:5    | Killed a dread lich
 71765 | Zot:5    | Killed an ancient lich
 71766 | Zot:5    | Reached skill level 26 in Shields
 71859 | Zot:5    | Lost mutation: You are partially covered in iridescent
                  | scales. (AC +2) [potion of mutation]
 71859 | Zot:5    | Lost mutation: You expend magic power (3 MP) to strengthen
                  | your wands. [potion of mutation]
 71859 | Zot:5    | Lost mutation: You have supernaturally acute eyesight.
                  | (SInv) [potion of mutation]
 71859 | Zot:5    | Gained mutation: You have a somewhat thin skeletal
                  | structure. (Dex +2, Stealth+) [potion of mutation]
 71859 | Zot:5    | Lost mutation: Your spells are a little easier to cast, but
                  | a little less powerful. [potion of mutation]
 71860 | Zot:5    | Lost mutation: You have a somewhat thin skeletal structure.
                  | (Dex +2, Stealth+) [potion of mutation]
 71860 | Zot:5    | Lost mutation: Your body sometimes deteriorates upon taking
                  | damage. [potion of mutation]
 71860 | Zot:5    | Lost mutation: You have hidden genetic potential. [potion
                  | of mutation]
 71860 | Zot:5    | Gained mutation: Your system is resistant to poisons.
                  | (rPois) [potion of mutation]
 71860 | Zot:5    | Gained mutation: Your flesh is cold resistant. (rC+)
                  | [potion of mutation]
 71860 | Zot:5    | Gained mutation: Your mind is acute. (Int +4, Str/Dex -1)
                  | [potion of mutation]
 71860 | Zot:5    | Gained mutation: You have a pair of large horns on your
                  | head. [potion of mutation]
 71861 | Zot:5    | Lost mutation: You are very agile. (Dex +8, Str/Int -2)
                  | [potion of mutation]
 71861 | Zot:5    | Lost mutation: You are agile. (Dex +4, Str/Int -1) [potion
                  | of mutation]
 71861 | Zot:5    | Lost mutation: Your mind is acute. (Int +4, Str/Dex -1)
                  | [potion of mutation]
 71861 | Zot:5    | Lost mutation: You occasionally shout uncontrollably at
                  | your foes. [potion of mutation]
 71861 | Zot:5    | Gained mutation: Your movements are slightly less
                  | encumbered by armour. (ER -2) [potion of mutation]
 71862 | Zot:5    | Lost mutation: You have sharp toenails. [potion of
                  | mutation]
 71862 | Zot:5    | Lost mutation: Your flesh is cold resistant. (rC+) [potion
                  | of mutation]
 71862 | Zot:5    | Gained mutation: You are frail. (-10% HP) [potion of
                  | mutation]
 71863 | Zot:5    | Lost mutation: Your movements are slightly less encumbered
                  | by armour. (ER -2) [potion of mutation]
 71863 | Zot:5    | Lost mutation: You are frail. (-10% HP) [potion of
                  | mutation]
 71863 | Zot:5    | Gained mutation: You are occasionally teleported next to
                  | monsters. [potion of mutation]
 71864 | Zot:5    | Lost mutation: You have a pair of large horns on your head.
                  | [potion of mutation]
 71864 | Zot:5    | Lost mutation: Your system is resistant to poisons. (rPois)
                  | [potion of mutation]
 71864 | Zot:5    | Lost mutation: You are occasionally teleported next to
                  | monsters. [potion of mutation]
 71864 | Zot:5    | Gained mutation: You are partially covered in iridescent
                  | scales. (AC +2) [potion of mutation]
 71864 | Zot:5    | Gained mutation: Your spells are a little easier to cast,
                  | but a little less powerful. [potion of mutation]
 71864 | Zot:5    | Gained mutation: You have a pair of large horns on your
                  | head. [potion of mutation]
 71865 | Zot:5    | Lost mutation: You have a pair of large horns on your head.
                  | [potion of mutation]
 71865 | Zot:5    | Lost mutation: You are partially covered in iridescent
                  | scales. (AC +2) [potion of mutation]
 71865 | Zot:5    | Lost mutation: Your spells are a little easier to cast, but
                  | a little less powerful. [potion of mutation]
 71865 | Zot:5    | Gained mutation: You are weak. (Str -2) [potion of
                  | mutation]
 71866 | Zot:5    | Lost mutation: You are weak. (Str -2) [potion of mutation]
 71866 | Zot:5    | Lost mutation: You sometimes lose your temper in combat.
                  | [potion of mutation]
 71866 | Zot:5    | Gained mutation: You are robust. (+10% HP) [potion of
                  | mutation]
 71866 | Zot:5    | Gained mutation: You have a pair of large horns on your
                  | head. [potion of mutation]
 71866 | Zot:5    | Gained mutation: Your system is resistant to poisons.
                  | (rPois) [potion of mutation]
 71920 | Zot:5    | Identified the ring of Xom's Wantonness {MP+9 Int+3}
 71976 | Zot:5    | Got the Orb of Zot
 72241 | D:15     | Reached skill level 15 in Evocations
 72313 | D:11     | Noticed Gucexton the pandemonium lord
 72739 | D:$      | Escaped with the Orb!

Illustrated notes

Levels and vault maps discovered:
D:1:      ebering_trefoil_twist, layout_basic
D:2:      layout_rooms, kennysheep_generic_room_13
D:3:      layout_basic, serial_bayou_lagoon_b, uniq_ijyb
D:4:      layout_cave_pools, okawaru_ov_weapons_minmay,
          chequers_serial_rivers_small_3, minmay_shop_grid_forest,
          uniq_menkaure, uniq_robin
D:5:      layout_loops_corners
D:6:      layout_loops_ring, mainiacjoe_overflow_surrounded_room,
          minmay_temple_entry_waves, gammafunk_ghost_grave
D:7:      layout_gridville, jmf_multi_god_temple2, serial_shops,
          nicolae_shop_hallway_plus, uniq_joseph
D:8:      layout_basic, uniq_grum
D:9:      layout_basic, slow_altar_2, hiddenorc1_lemuel,
          nicolae_inconvenience_store
D:10:     layout_basic, nicolae_overflow_crystal_walls, enter_bailey_7,
          serial_shops, nicolae_shop_tiny_glass, statue_in_the_mist_lemuel
D:11:     giant_chief_lemuel, layout_stronghold, erik_lair_orcish_takeover,
          cheibrodos_lost_city_excavation
D:12:     layout_roguey
D:13:     layout_cave_pools, hellmonk_vaults_order_and_chaos, serial_glass,
          glass_columns_c, glass_columns_b, glass_columns_b, glass_columns_a,
          uniq_sonja
D:14:     layout_cross, serial_park_square2, nicolae_shop_sticking_my_neck_out,
          uniq_agnes, uniq_frances, uniq_josephine
D:15:     grunt_enter_depths_hoard, layout_stronghold, serial_park_tiny_pond,
          gauntlet_entry_generic, minivault_28
Lair:1:   layout_roguey, gammafunk_ghost_abyssal_escape
Lair:2:   layout_gridlike, palyth_hydra_swamp_entry, beast_lair_carwin_5
Lair:3:   layout_roguey, nicolae_spider_entry_orb_guardian,
          gammafunk_ghost_necromancy, grunt_megastairs_3, lemuel_fruit_tree
Lair:4:   lemuel_slime, layout_cave_pods, nicolae_slime_entry_slimehenge,
          wad_woods_road_03
Lair:5:   gammafunk_lair_ancient_temple, layout_regular_city,
          cheibrodos_lair_lostbears, infiniplex_staircase_pool,
          serial_bayou_shore_b, uniq_kirke, uniq_snorg
Swamp:1:  layout_falls_marsh, hangedman_swamp_lotus, uniq_jorgrun
Swamp:2:  layout_falls_marsh, evilmike_swamp_ruin_rubble_1,
          infiniplex_staircase_pool_2, uniq_mlioglotl
Swamp:3:  layout_falls_marsh, evilmike_swamp_ruin_rubble_2, swamp_pool_1_2,
          nicolae_swamp_tree_isthmus, nicolae_swamp_long_stream
Swamp:4:  swamp_vile, layout_basic_swamp
Spider:1: layout_spider_delve, portal_ice_cave_entry_pillars_1, uniq_louise
Spider:2: layout_chambers, nicolae_spider_twisty_arc_passages, uniq_arachne,
          uniq_nikola
Spider:3: layout_chambers, nicolae_spider_undead_wolf_pack
Spider:4: hellmonk_spider_rune_endless_swarm, nicolae_spider_webbed_stairs
Slime:1:  layout_caves, nicolae_slime_phagocytosis
Slime:2:  layout_caves, nicolae_slime_welcoming_committee
Slime:3:  layout_caves, dissolution_awaits
Slime:4:  layout_caves, cheibrodos_slime_lost_civilization_5
Slime:5:  slime_pit_nicolae_inversion
Orc:1:    layout_caves, nicolae_orc_sculptors_studio, uniq_fannar, uniq_harold
Orc:2:    grunt_orc_community_town_hall, layout_caves,
          grunt_orc_community_big_house_2, grunt_orc_community_big_house_2,
          grunt_orc_community_house_2, grunt_orc_community_house_1,
          grunt_orc_community_house_1, grunt_orc_community_house_3, basic_altar,
          uniq_nessos, uniq_urug, uniq_saint_roka
Vaults:1: mu_enter_wizlab_2, nicolae_vaults_tetromino_L_1,
          vaults_room_ringed_pool, nicolae_vaults_alarming,
          nicolae_vaults_shelves_hall, ontoclasm_vaults_shuriken, v_pattern_1,
          nicolae_vaults_cochlea, ontoclasm_vaults_ligature,
          nicolae_vaults_antechamber_and_loot_room, hangedman_vaults_capsules,
          nicolae_vaults_shelves_hall, layout_vaults_omnigrid, serial_shops,
          bzr_entry_road
Vaults:2: nicolae_vaults_more_shelving_2, nicolae_vaults_surprise_closet,
          lemuel_angel_altar, vaults_room_corners,
          nicolae_vaults_surprise_closet,
          nicolae_vaults_taking_the_gang_shopping, hangedman_vaults_stitches,
          vaults_room_grid, layout_vaults_chaotic_city
Vaults:3: minmay_crypt_entry_vampire_xt, vaults_room_fours, grunt_vaults_swirl,
          nicolae_vaults_network_barrier, st_smaller_cells,
          ontoclasm_vaults_spin, v_alt_pattern_6,
          nicolae_vaults_mini_display_case, vaults_room_octagon,
          ontoclasm_vaults_bender, vaults_room_door_ring, v_misc_13,
          nicolae_vaults_trapezoid_1, layout_vaults_maze
Vaults:4: ebering_ghost_disaster_area, ontoclasm_vaults_idyll,
          nicolae_vaults_shipping_containers_6,
          nicolae_vaults_inception_corners, nicolae_vaults_storage_closets_2,
          nicolae_vaults_double_plus_3, ontoclasm_vaults_idyll,
          nicolae_vaults_surprise_closet, nicolae_vaults_tetromino_T_2,
          vaults_room_pools, v_misc_18, v_pattern_4,
          nicolae_vaults_layer_cake_slice, nicolae_vaults_closet_pinwheel_1,
          nicolae_vaults_layer_cake_slice, layout_vaults_omnicross
Vaults:5: uniq_sojobo, uniq_bai_suzhen
Depths:1: layout_cave_pools, lightli_too_deep, gammafunk_ghost_smash,
          glass_columns_c, kennysheep_small_circle
Depths:2: nicolae_cairo_tiling_large, layout_long_grid,
          serial_sigils_hangedman_gut, hellmouth_1, grunt_pan_entry_sceptre,
          infiniplex_staircase_door_maze, minmay_shoptagon, firewood_loft,
          uniq_boris
Depths:3: kennysheep_bubbly, layout_cave_shapes, serial_shops, kennysheep_mini,
          nicolae_lakefront_shop, nicolae_the_louvre,
          regret_index_abyss_entry_already_here, grunt_hell_entry_dis_mu,
          amcnicky_mini_rare_corridor_liquid, minmay_hedge_maze,
          minmay_misc_feat_five
Depths:4: grunt_crosshair, layout_long_grid, enter_ziggurat_d,
          nicolae_uskayaw_murder_on_the_dancefloor, hell_entry, glass_columns_a
Zot:1:    gammafunk_its_a_trap, layout_cathedral_of_symmetry
Zot:2:    cheibrodos_zot_enchanting_chambers, layout_misc_corridors,
          skrybe_zot_glass_1, uniq_tiamat
Zot:3:    layout_basic, regret_index_zotdec_serpentine_scales
Zot:4:    dreamdust_zin_vs_xom, layout_cellular_growth, grunt_megastairs_1
Zot:5:    layout_misc_corridors, st_stairs_7

Skill      XL: |  1  2  3  4  5  6  7  8  9 10 11 12 13 14 15 16 17 18 19 20 21 22 23 24 25 26 |
---------------+-------------------------------------------------------------------------------+-----
Polearms       | 4 5 6 7 9 10 12 13 14 15 16 17 18 19 20 21 22 23 | 23.6
Fighting       | 4 5 6 7 9 10 12 13 15 16 17 18 19 20 21 22 23 24 | 24.8
Armour         | 3 4 5 6 7 9 10 12 13 14 16 17 18 19 20 21 22 23 24 | 24.3
Dodging        | 3 4 5 6 8 9 11 12 13 14 15 16 17 18 19 20 21 22 24 | 24.5
Axes           | 6 8 |  8.7
Shields        | 7 10 12 15 16 18 19 21 22 24 25 26 | 26.2
Evocations     | 2 5 6 7 9 10 11 12 13 14 15 | 15.0

Action                     |  1- 3 |  4- 6 |  7- 9 | 10-12 | 13-15 | 16-18 | 19-21 | 22-24 | 25-27 || total
---------------------------+-------+-------+-------+-------+-------+-------+-------+-------+-------++-------
  Melee: Spear             |    79 |    78 |   162 |       |       |       |       |       |       ||   319
         Headbutt          |    12 |     6 |    39 |   108 |   277 |   470 |   662 |  1072 |   404 ||  3050
         Trident           |       |       |   110 |   576 |   773 |  1979 |  2158 |    52 |       ||  5648
         Labrys            |       |       |       |       |   467 |       |       |       |       ||   467
         Demon trident     |       |       |       |       |       |       |       |  2910 |  1166 ||  4076
 Invoke: Berserk           |     1 |     5 |     7 |    15 |    21 |    32 |    28 |    21 |     8 ||   138
         Trog's Hand       |       |       |       |     2 |       |     2 |     6 |       |     1 ||    11
         Brothers in Arms  |       |       |       |       |     1 |     1 |       |       |     2 ||     4
  Evoke: Wand              |       |       |       |       |       |    13 |    21 |    42 |    12 ||    88
         Lightning rod     |       |       |       |       |       |     1 |     6 |    10 |       ||    17
         Gell's gravitambo |       |       |       |       |       |     1 |     2 |     3 |       ||     6
         Phantom mirror    |       |       |       |       |       |     1 |     1 |     1 |       ||     3
         Condenser vane    |       |       |       |       |       |       |     1 |     3 |     1 ||     5
    Use: Scroll            |       |       |     1 |    11 |     7 |    13 |     9 |    27 |     7 ||    75
         Potion            |       |       |       |     1 |       |     1 |     8 |    12 |    21 ||    43
   Stab: Sleeping          |     2 |       |     1 |       |       |       |       |       |       ||     3
         Distracted        |       |       |       |       |     1 |     1 |     1 |     2 |    10 ||    15
         Invisible         |       |       |       |       |       |       |    25 |       |    10 ||    35
 Armour: Animal skin       |    16 |       |       |       |       |       |       |       |       ||    16
         Leather armour    |     6 |    42 |   130 |   172 |   404 |   370 |       |       |       ||  1124
         Gold dragon scale |       |       |       |       |       |   440 |   569 |   952 |   223 ||  2184
         Skin              |       |       |       |       |       |       |    21 |       |       ||    21
  Dodge: Dodged            |    23 |    30 |   118 |   186 |   498 |   698 |   447 |   744 |   267 ||  3011
  Block: Buckler           |       |       |       |    87 |   468 |   524 |       |       |       ||  1079
         Reflection        |       |       |       |     2 |    27 |    45 |   106 |     2 |       ||   182
         Tower shield      |       |       |       |       |       |   832 |  1955 |  3243 |  1058 ||  7088

Table legend: (Time is in decaauts)
 A = Elapsed time spent in this place.
 B = Non-inter-level travel time spent in this place.
 C = Inter-level travel time spent in this place.
 D = Time resting spent in this place.
 E = Time spent auto-exploring this place.
 F = Levels seen in this place.
 G = Mean time per level.
                   A        B        C        D        E       F      G
               +--------+--------+--------+--------+--------+-----+--------+
         Total |  70716 |  61560 |   9156 |  20282 |  29012 |  54 | 1309.6 |
       Dungeon |  20199 |  16069 |   4130 |   4709 |   9145 |  15 | 1346.6 |
          Lair |   7646 |   6711 |    935 |   2603 |   3153 |   5 | 1529.2 |
         Swamp |   4577 |   4411 |    166 |   1440 |   2180 |   4 | 1144.2 |
   Spider Nest |   6249 |   5829 |    420 |   2400 |   2626 |   4 | 1562.2 |
    Slime Pits |   3288 |   2779 |    509 |    792 |   1296 |   5 |  657.6 |
  Orcish Mines |   2158 |   1969 |    189 |    739 |    848 |   2 | 1079.0 |
        Vaults |  10675 |   9532 |   1143 |   2970 |   4393 |   5 | 2135.0 |
        Depths |   4496 |   4079 |    417 |    643 |   2143 |   4 | 1124.0 |
           Zot |   6957 |   5713 |   1244 |   1601 |   2166 |   5 | 1391.4 |
        Bazaar |     50 |     50 |      0 |      0 |      0 |   1 |   50.0 |
        Bailey |    521 |    521 |      0 |    238 |    159 |   1 |  521.0 |
      Ice Cave |   1695 |   1695 |      0 |    946 |    484 |   1 | 1695.0 |
        Wizlab |   1829 |   1829 |      0 |   1065 |    307 |   1 | 1829.0 |
      Gauntlet |    369 |    369 |      0 |    133 |    110 |   1 |  369.0 |
               +--------+--------+--------+--------+--------+-----+--------+

Top non-repeatable levels by time:
    D:11: 3585 daAuts
Vaults:5: 2592 daAuts
  Lair:5: 2385 daAuts
Spider:4: 2288 daAuts
Vaults:1: 2212 daAuts
Vaults:3: 2085 daAuts
Vaults:4: 2020 daAuts
  WizLab: 1829 daAuts
Spider:2: 1826 daAuts
Vaults:2: 1764 daAuts
   IceCv: 1695 daAuts
   Zot:1: 1675 daAuts
     D:5: 1636 daAuts
 Swamp:4: 1630 daAuts
   Zot:2: 1624 daAuts
